 Dungeon Crawl Stone Soup version 0.30-a0-782-ge64f9170bb (webtiles) character file.

Game seed: 2971701940791506267

971 theswoord the Skirmisher (level 7, -1/40 HPs)
             Began as a Deep Elf Hunter on Mar 15, 2023.
             Killed by divine providence
             ... invoked by an orc priest
              (13 damage)
             ... on level 6 of the Dungeon.
             The game lasted 00:06:14 (3473 turns).

theswoord the Skirmisher (Deep Elf Hunter)          Turns: 3473, Time: 00:06:14

Health: -1/40      AC:  9    Str:  8    XL:     7   Next: 94%
Magic:  9/9        EV:  9    Int: 14    God:
Gold:   124        SH:  0    Dex: 26    Spells: 6/6 levels left

rFire   . . .      SeeInvis .    s - +5 longbow (heavy)
rCold   + . .      Faith    .    (shield currently unavailable)
rNeg    . . .      Spirit   .    u - +1 scale mail {rC+}
rPois   .          Reflect  .    p - +0 helmet
rElec   .          Harm     .    m - +0 cloak
rCorr   .          Rampage  .    (no gloves)
Will    .....                    (no boots)
Stlth   +                        (no amulet)
HPRegen 0.26/turn                g - +6 ring of dexterity
MPRegen 0.11/turn                (no ring)

@: lethally poisoned (-1 -> -6)
A: no striking features
a: no special abilities


You were on level 6 of the Dungeon.
You visited 1 branch of the dungeon, and saw 6 of its levels.

You collected 400 gold pieces.
You spent 276 gold pieces at shops.

Inventory:

Hand Weapons
 a - a +2 shortbow of draining
 s - a +5 heavy longbow (weapon)
Armour
 c - a +0 leather armour
 m - a +0 cloak (worn)
 p - a +0 helmet (worn)
 u - a +1 scale mail of cold resistance (worn)
Jewellery
 d - a ring of ice
 g - a +6 ring of dexterity (left hand)
 i - the amulet "Inajick" {Spirit rCorr Str-2 Stlth+}
   (You bought it in a shop on level 2 of the Dungeon)

   [amulet of guardian spirit]

   It causes incoming damage to be divided between your reserves of health and
   magic.
   Str:       It affects your strength (-2).
   rCorr:     It protects you from acid and corrosion.
   Stlth:     It makes you more stealthy.
 k - a ring of fire
 n - a +6 ring of intelligence
Scrolls
 b - a scroll of immolation
 h - 2 scrolls of teleportation
 t - 4 scrolls of vulnerability
 y - 2 scrolls of fog
Potions
 e - a potion of heal wounds
 f - 2 potions of resistance
 j - a potion of flight
 l - 3 potions of might
 o - 2 potions of curing
 q - a potion of invisibility
 r - 2 potions of degeneration
 v - a potion of berserk rage {unknown}
 x - a potion of mutation {unknown}


   Skills:
 + Level 2.5 Fighting
 * Level 12.2 Ranged Weapons
 + Level 3.7 Dodging
 - Level 1.2 Stealth


You had 6 spell levels left.
You didn't know any spells.
Your spell library was empty.

Dungeon Overview and Level Annotations

Branches:
Dungeon (6/15)
 Temple: D:4-7

Altars:
Cheibriados
Fedhas
Xom
The Shining One

Shops:
D:2 *:[=:   D:4 *[

Annotations:
D:3 4 runed translucent doors, Crazy Yiuf; funkygono's ghost, amateur MiFi
D:4 2 transporters, Haldmier's ghost, amateur NaHW


Message History

The killer bee stings you but does no damage.
An adder comes into view.
The killer bee stings you but does no damage.
Your Ranged Weapons skill increases to level 12!
You shoot an arrow.
The arrow completely misses the killer bee.
The arrow closely misses the killer bee.
The killer bee stings you but does no damage.
The killer bee barely misses you.
The killer bee stings you but does no damage.
The killer bee closely misses you.
You shoot an arrow.
The arrow hits the killer bee but does no damage.
The killer bee stings you. x2; The killer bee misses you.
The killer bee stings you.
You shoot an arrow. The arrow barely misses the killer bee.
The arrow hits the killer bee!!!
You kill the killer bee!
You hear a shout!
The killer bee stings you. x2
You are poisoned.
The killer bee poisons you!
The killer bee stings you but does no damage.
The killer bee stings you.
You are more poisoned.
The killer bee poisons you!
You shoot an arrow. The arrow hits the killer bee!
You kill the killer bee!
You feel very sick. The killer bee barely misses you.
An orc priest comes into view. It is wielding a +0 flail.
The killer bee stings you but does no damage.
You shoot an arrow. The arrow barely misses the killer bee.
You feel very sick. The killer bee stings you.
* * * LOW HITPOINT WARNING * * *
The killer bee barely misses you.
The orc priest calls down the wrath of Beogh upon you.
Beogh smites you!
You die...

#..>...#.......##
**,,,,,,*
..............##
**,,,,,,,** *
..............#
*>,,,,,,,,* *
#####........##
*,,,,,,,,,* *
######..###
**,,,,,,,,,* **
###†.## *,,,,,,,,,,*
*, ##..##**,,,,,,,,,*
*, ##..##**,,,,,,,,*
*, ###@#####,,,,,,*
**,
##yy..##..,,,***,,
#S†......,,,,,,,.
####..######*****,..
##.....o.### *##.,
#......S...### ##..,,
#............###..***
#.............##.#*,,
#.........>....#.#,,*


You could see 2 killer bees, an orc priest and 2 adders.

Vanquished Creatures
  A sky beast (D:6)
  An ogre (D:5)
  Blork the orc (D:4)
  A bullfrog (D:6)
  A scorpion (D:6)
  3 killer bees (D:6)
  A howler monkey (D:5)
  A jelly (D:6)
  A gnoll bouda (D:6)
  4 hounds (D:5)
  An iguana (D:4)
  Ijyb (D:5)
  2 orc wizards (D:4)
  5 adders
  3 gnolls (D:6)
  An ufetubus (D:6)
  A worm (D:2)
  3 dart slugs
  15 orcs
  5 ball pythons
  6 endoplasms
  5 goblins
  3 hobgoblins
  3 jackals (D:3)
  5 bats
  4 frilled lizards
  10 kobolds
  5 rats
93 creatures vanquished.

Vanquished Creatures (others)
  A fungus (D:2)
  2 plants
3 creatures vanquished.

Grand Total: 96 creatures vanquished

Notes
Turn   | Place    | Note
-------+----------+-------------------------------------------
     0 | D:1      | theswoord the Deep Elf Hunter began the quest for the Orb.
     0 | D:1      | Reached XP level 1. HP: 12/12 MP: 3/3
   147 | D:1      | Reached XP level 2. HP: 16/16 MP: 4/4
   171 | D:1      | Reached skill level 6 in Ranged Weapons
   544 | D:2      | Found Kuelubamm's Jewellery Shop.
   634 | D:2      | Reached XP level 3. HP: 20/20 MP: 5/5
   664 | D:2      | Found Osicic's Armour Emporium.
   685 | D:2      | Reached skill level 7 in Ranged Weapons
   801 | D:2      | Found Hikhlyjur's Book Shoppe.
   902 | D:2      | Found Tetugair's Assorted Antiques.
   906 | D:2      | Found Pimmoz's Book Shoppe.
   907 | D:2      | Bought a steaming copper amulet for 125 gold pieces
   907 | D:2      | Identified the amulet "Inajick" {Spirit rCorr Str-2 Stlth+}
                  | (You bought it in a shop on level 2 of the Dungeon)
  1185 | D:2      | Found a faded altar of an unknown god.
  1280 | D:3      | Found a runed translucent gate.
  1281 | D:3      | Found a runed translucent gate.
  1282 | D:3      | Found a runed translucent gate.
  1282 | D:3      | Noticed funkygono's ghost (amateur MiFi)
  1312 | D:3      | Reached XP level 4. HP: 25/25 MP: 6/6
  1529 | D:3      | Found a runed translucent door.
  1530 | D:3      | Noticed Crazy Yiuf
  1826 | D:3      | Identified a scroll of acquirement
  1826 | D:3      | Acquired a +5 longbow of freezing
  2052 | D:4      | Reached skill level 8 in Ranged Weapons
  2078 | D:4      | Noticed Blork the orc
  2099 | D:4      | Killed Blork the orc
  2100 | D:4      | Reached XP level 5. HP: 22/29 MP: 7/7
  2151 | D:4      | Found Loxowe's Antique Armour Emporium.
  2225 | D:4      | Reached skill level 9 in Ranged Weapons
  2264 | D:4      | Found a transporter.
  2299 | D:4      | Found a transporter.
  2304 | D:4      | Noticed Haldmier's ghost (amateur NaHW)
  2345 | D:4      | Found Poorrimp's CLEARANCE SALE!.
  2352 | D:4      | Bought a scroll of identify for 6 gold pieces
  2352 | D:4      | Bought a scroll of identify for 6 gold pieces
  2352 | D:4      | Bought a scroll of identify for 6 gold pieces
  2442 | D:4      | Bought a glowing scale mail for 133 gold pieces
  2480 | D:4      | Found a snail-covered altar of Cheibriados.
  2590 | D:5      | Entered Level 5 of the Dungeon
  2627 | D:5      | Found a blossoming altar of Fedhas.
  2633 | D:5      | Noticed an ogre
  2635 | D:5      | Reached XP level 6. HP: 32/34 MP: 8/8
  2731 | D:5      | Reached skill level 10 in Ranged Weapons
  2837 | D:5      | Reached skill level 11 in Ranged Weapons
  2872 | D:5      | Found a shimmering altar of Xom.
  2872 | D:5      | Found a glowing golden altar of the Shining One.
  2926 | D:5      | Noticed Ijyb
  2929 | D:5      | Killed Ijyb
  2930 | D:5      | Reached XP level 7. HP: 35/38 MP: 9/9
  3469 | D:6      | Reached skill level 12 in Ranged Weapons
  3473 | D:6      | Killed from afar by an orc priest

Skill      XL: |  1  2  3  4  5  6  7 |
---------------+----------------------+-----
Ranged Weapons | 6 7 8 9 11 12 | 12.2
Fighting       | 2 |  2.5
Dodging        | 3 |  3.7
Stealth        | |  1.2

Action                     |  1- 3 |  4- 6 |  7- 9 || total
---------------------------+-------+-------+-------++-------
   Fire: Shortbow          |    70 |    13 |       ||    83
         Longbow           |       |    74 |    34 ||   108
    Use: Scroll            |     6 |    10 |     7 ||    23
         Potion            |       |       |     1 ||     1
 Armour: Leather armour    |    13 |       |       ||    13
         Scale mail        |       |     8 |    20 ||    28
  Dodge: Dodged            |    19 |    12 |    23 ||    54

Levels and vault maps discovered:
D:1:      lightli_arrival_lavapool, layout_rooms, serial_curves, eino_curves_02,
          eino_curves_01
D:2:      layout_loops_ring, shapermc_ecumenical_altar_mp_urbaneastern,
          serial_shops, shop, nicolae_shop_waterfront, shop_coins, shop,
          shop_statue, minivault_23
D:3:      layout_loops_ring, gammafunk_ghost_split, uniq_crazy_yiuf_cottage
D:4:      layout_rooms, mainiacjoe_overflow_boulevard,
          gammafunk_ghost_mausoleum, serial_shops, nicolae_shop_hallway_stairs,
          st_stairs_14, nicolae_shop_clearance, uniq_blork_the_orc
D:5:      layout_rooms, gammafunk_temple_overflow_wave, fedhas_altar_1,
          uniq_ijyb
D:6:      layout_cave_pods, minmay_alternating_orb
